[Event "*** Monthly 3|2 Blitz Masters"]
[Site "Chess.com"]
[Date "2014.10.28"]
[Round "4"]
[White "David_Klein"]
[Black "lorcho"]
[Result "1-0"]
[WhiteElo "2370"]
[BlackElo "2413"]
[TimeControl "180+2"]
[EndTime "12:39:46 PDT"]
[Termination "David_Klein won by resignation"]

1. e4 e6 2. d4 d5 3. Nd2 Nf6 4.
e5 Nfd7 5. c3 c5 6. Bd3 Nc6 7.
Ngf3 cxd4 8. cxd4 f6 9. exf6 Nxf6 10. O-O Bd6 11. b3 O-O 12. Bb2 Qb6 13. Ne5 Nxd4 14. Ndc4 dxc4 15. Nxc4 Bxh2+ 16. Kxh2 Qc7+ 17. Kg1 Nc6 18. Qe2 Bd7 19. Rac1 Rae8 20. Ne5 Qd8 21. Rcd1 Qe7 22. Bxh7+ Kxh7 23. Rxd7 Qc5 24. Qd3+ Kg8 25. Rxg7+ Kxg7 26. Qg6+ Kh8 27. Qh6+ Kg8 28. Qg6+ Kh8 29. Nf7+ Rxf7 30. Qxf7 e5 31. Qxf6+ Kg8 32. Rc1 Qe7 33. Qg6+ Kf8 34. Rc3 Nd4 35. Rh3 Qg7 36. Ba3+ 1-0

[Event "*** Monthly 3|2 Blitz Masters"]
[Site "Chess.com"]
[Date "2014.10.28"]
[Round "4"]
[White "Fischwitsch"]
[Black "kevin9512"]
[Result "1/2-1/2"]
[WhiteElo "2062"]
[BlackElo "1869"]
[TimeControl "180+2"]
[EndTime "12:39:48 PDT"]
[Termination "Game drawn by agreement"]

1. c4 Nf6 2. g3 e6 3. Bg2 d5 4.
Nf3 Be7 5. O-O O-O 6. b3 c5 7. Bb2 Nc6 8. e3 b6 9. Nc3 Ba6 10. d3 Rc8 11. Qe2 Qd7 12. Rfd1 Rfd8 13. Nb5 Bb7 14. cxd5 Nxd5 15. d4 a6 16. Nc3 cxd4 17.
Nxd5 Qxd5 18. exd4 Bf6 19. Qe3 Qf5 20. Ne5 Bxe5 21. Be4 Bxd4 22. Bxd4 Qh5 23. Bf3 Qg6 24.
Bxb6 Rxd1+ 25. Rxd1 Ba8 26. Be4 Qh5 27. Rc1 Bb7 28. Qd3 f5 29. Qd7 Qf7 30. Bxc6 Rxc6 31. Qxf7+ Kxf7 32. Rxc6 Bxc6 33. f4 1/2-1/2

[Event "*** Monthly 3|2 Blitz Masters"]
[Site "Chess.com"]
[Date "2014.10.28"]
[Round "4"]
[White "Time2Pretend"]
[Black "XeresLt"]
[Result "1-0"]
[WhiteElo "2339"]
[BlackElo "2272"]
[TimeControl "180+2"]
[EndTime "12:40:22 PDT"]
[Termination "Time2Pretend won on time"]

1. d4 Nf6 2. Bg5 d5 3. e3 Nbd7 4.
c4 e6 5. Nc3 c6 6. cxd5 exd5 7.
Bd3 Be7 8. Qc2 Nf8 9. Nge2 Ng6 10. O-O O-O 11. f3 Ne8 12. Bxe7 Qxe7 13. e4 Be6 14. e5 c5 15. f4 cxd4 16. Nxd4 Qc5 17.
Qf2 Nc7 18. Rae1 f5 19. exf6 Rxf6 20. Nxe6 Nxe6 21. f5 Qxf2+ 22. Rxf2 Nc5 23. Bb1 Nf8 24. Nxd5 Rd6 25. Ne7+ Kh8 26. h3 Rad8 27. Bc2 Nd3 28. Bxd3 Rxd3 29. f6 gxf6 30. Rxf6 Rd2 31. Nf5 Ng6 32.
Rf7 Rxb2 33. Kh1 a5 34. Nd6 Rxa2 35. Nxb7 Rg8 36. Nd6 a4 37. Ra7 Nf4 38. Nf7+ Kg7 39. Re4 Ra1+ 40. Kh2 Ng6 41. Ng5+ Kh6 42. Rg4 1-0

[Event "*** Monthly 3|2 Blitz Masters"]
[Site "Chess.com"]
[Date "2014.10.28"]
[Round "4"]
[White "Alexander_Donchenko"]
[Black "GMHess"]
[Result "0-1"]
[WhiteElo "2315"]
[BlackElo "2445"]
[TimeControl "180+2"]
[EndTime "12:40:25 PDT"]
[Termination "GMHess won by resignation"]

1. c4 g6 2. g3 Bg7 3. Bg2 Nf6 4.
Nc3 O-O 5. d4 d6 6. Nf3 c6 7. O-O Nbd7 8. e4 e5 9. h3 exd4 10.
Nxd4 Re8 11. Be3 Qe7 12. Qc2 Qf8 13. Rad1 a6 14. Rfe1 Ne5 15. b3 c5 16. Nde2 Be6 17. f4 Nc6 18. a4 Rad8 19. Bf2 Bc8 20. Rd2 Nb4 21. Qb1 Bd7 22. g4 Bc6 23. g5 Nh5 24.
Nd5 Bxd5 25. cxd5 b5 26. axb5 axb5 27. Bf3 Ra8 28. Qd1 Ra1 29. Qxa1 Bxa1 30. Rxa1 h6 31.
Bxh5 gxh5 32. h4 Rxe4 33. Ng3 Rxf4 34. Nxh5 hxg5 35. Nxf4 gxf4 36. Re1 Kh7 37. Kh2 Qg7 38. Rf1 Qc3 39. Be1 Qe5 40. Rdf2 Nd3 41. Rf3 Nxe1 0-1

[Event "*** Monthly 3|2 Blitz Masters"]
[Site "Chess.com"]
[Date "2014.10.28"]
[Round "4"]
[White "GedoGluperd"]
[Black "HZMC92"]
[Result "0-1"]
[WhiteElo "2280"]
[BlackElo "2153"]
[TimeControl "180+2"]
[EndTime "12:40:31 PDT"]
[Termination "HZMC92 won on time"]

1. d4 d5 2. c4 e6 3. Nc3 c6 4.
cxd5 exd5 5. Bf4 Bd6 6. Bxd6 Qxd6 7. e3 f6 8. Bd3 Ne7 9. Qh5+ g6 10. Qh6 Kf7 11. Nge2 Bf5 12. Nf4 Bxd3 13. Nxd3 Nf5 14. Qh3 Nd7 15. g4 Ng7 16. O-O-O b5 17. Qf3 a5 18. h4 a4 19. h5 b4 20. Ne2 Rac8 21.
Kb1 g5 22. h6 Ne8 23. Ng3 Qe6 24. Nf5 Nd6 25. Nxb4 Rb8 26. Nxc6 Nc4 27. Nxb8 Rxb8 28.
Ka1 Rxb2 29. Rc1 a3 30. Rc3 Nd2 31. Qd1 Qb6 32. Rxa3 Qb4 33. Rd3 Nb6 34. Qc1 Nbc4 35. Rd1 Qa4 36. a3 Nb3+ 37. Rxb3 Qxb3 38. Nd6+ Nxd6 39.
Qc7+ Ke6 0-1

[Event "*** Monthly 3|2 Blitz Masters"]
[Site "Chess.com"]
[Date "2014.10.28"]
[Round "4"]
[White "VovAn1991"]
[Black "gumersindo"]
[Result "0-1"]
[WhiteElo "2329"]
[BlackElo "2150"]
[TimeControl "180+2"]
[EndTime "12:40:45 PDT"]
[Termination "gumersindo won on time"]

1. e4 e6 2. d4 d5 3. Nd2 Nf6 4. e5 Nfd7 5. c3 c5 6. Ngf3 Nc6 7. Bd3 cxd4 8. cxd4 f6 9. exf6 Nxf6 10. O-O Bd6 11. Re1 O-O 12. Nf1 Qc7 13. Bd2 Bd7 14.
Rc1 Qb6 15. Bc3 Rae8 16. Ne5 Bc8 17. Nxc6 bxc6 18. b4 Ba6 19. Bb1 Bxb4 20. Bxb4 Qxb4 21. Rxc6 Bxf1 22. Rxf1 Re7 23. Re1 Rfe8 24. f4 g6 25. h3 Nh5 26. Rf1 Rf8 27. Qg4 Qxd4+ 28. Kh2 Rxf4 29.
Rxf4 Qxf4+ 30. Qxf4 Nxf4 31. g3 Nh5 32. Kg2 Nf6 33.
Bc2 Kf7 34. Kf3 e5 35. Bb3 Rd7 36. g4 g5 37. Ra6 Ke7 38. Ke3 d4+ 39. Ke2 Nd5 40.
Rh6 Nf4+ 41. Kd2 Kd8 42. h4 gxh4 43. Rxh4 e4 44. g5 e3+ 45. Kd1 e2+ 46. Kd2 Re7 0-1

[Event "*** Monthly 3|2 Blitz Masters"]
[Site "Chess.com"]
[Date "2014.10.28"]
[Round "4"]
[White "GMNeiksans"]
[Black "wannabe2700"]
[Result "1-0"]
[WhiteElo "2488"]
[BlackElo "2319"]
[TimeControl "180+2"]
[EndTime "12:40:46 PDT"]
[Termination "GMNeiksans won by checkmate"]

1. e4 e6 2. d4 d5 3. Nd2 Nf6 4. e5 Nfd7 5. Bd3 c5 6. c3 Nc6 7. Ne2 cxd4 8. cxd4 f6 9. exf6 Nxf6 10. Nf3 Bd6 11. O-O O-O 12. Bf4 Nh5 13. Bxd6 Qxd6 14.
Bb5 Rxf3 15. gxf3 Ne7 16. Qd2 Ng6 17. Qg5 Nhf4 18. Nxf4 Nxf4 19. Qe5 Qxe5 20. dxe5 a6 21. Ba4 Nd3 22. Bb3 Nxe5 23. f4 Nd3 24. f5 Nxb2 25.
Rac1 Nd3 26. Rc7 Ne5 27. f4 Nc6 28. Re1 Nd4 29. fxe6 Nf3+ 30. Kf1 Nxe1 31. Bxd5 Kf8 32. Kxe1 a5 33. Rf7+ Ke8 34. Rxg7 a4 35. f5 Ra5 36. f6 Bxe6 37. Re7+ Kf8 38. Bxe6 Re5+ 39. Kd2 Re4 40. Kd3 Rf4 41. Rxh7 Rxf6 42. Rf7+ Rxf7 43. Bxf7 Kxf7 44. Kc4 Ke6 45. Kb4 Kf5 46. Kxa4 Kg4 47. Kb5 Kh3 48. Kb6 Kxh2 49. Kxb7 Kg3 50. a4 Kf4 51. a5 Ke5 52. a6 Kd6 53. a7 Kc5 54.
a8=Q Kb4 55. Qa6 Kb3 56. Qc6 Kb2 57. Qc4 Ka3 58. Qb5 Ka2 59. Kc6 Ka3 60. Kc5 Ka2 61. Kc4 Ka3 62. Qb3# 1-0

[Event "*** Monthly 3|2 Blitz Masters"]
[Site "Chess.com"]
[Date "2014.10.28"]
[Round "4"]
[White "Trendle"]
[Black "KaydenTroffChess"]
[Result "0-1"]
[WhiteElo "2207"]
[BlackElo "2363"]
[TimeControl "180+2"]
[EndTime "12:40:49 PDT"]
[Termination "KaydenTroffChess won by resignation"]

1. e4 c5 2. Nc3 a6 3. f4 g6 4. Nf3 Bg7 5. a3 Nc6 6. Bc4 e6 7. b4 d6 8. bxc5 Bxc3 9. dxc3 dxc5 10. Qxd8+ Kxd8 11. Be3 b6 12. Ng5 Ke8 13. Rb1 Rb8 14. e5 f6 15. Ne4 fxe5 16. fxe5 Nxe5 17. Bf4 Nxc4 18. Bxb8 Ke7 19. O-O Bb7 20. Nd6 Nf6 21. Nxc4 Rxb8 22. Rxb6 Nd7 23. Rb3 Bd5 24. Rxb8 Nxb8 25.
Ne3 Bc6 26. Rf4 Nd7 27. Rh4 h5 28. g4 Nf6 29. gxh5 gxh5 30. Kf2 Kd6 31. Nc4+ Kd5 32. Ne3+ Ke5 33. Ke2 Be4 34. Rh3 Bc6 35.
c4 Kd4 36. Rh4+ Kc3 37. Rf4 Ne4 38. Rf8 Kb2 39. Rc8 Ba4 40. Rb8+ Kxa3 41. Rb6 a5 42.
Rxe6 Nc3+ 43. Kd3 Na2 44. Ra6 Nb4+ 45. Ke4 Nxa6 46. Kf5 Kb2 47. Kg5 Bxc2 48. Kxh5 a4 0-1

[Event "*** Monthly 3|2 Blitz Masters"]
[Site "Chess.com"]
[Date "2014.10.28"]
[Round "4"]
[White "brauliocuarta"]
[Black "liczner"]
[Result "0-1"]
[WhiteElo "1970"]
[BlackElo "2408"]
[TimeControl "180+2"]
[EndTime "12:40:56 PDT"]
[Termination "liczner won by resignation"]

1. d4 Nf6 2. c4 g6 3. Nc3 d5 4.
Nf3 Bg7 5. Qb3 dxc4 6. Qxc4 O-O 7. e4 Nc6 8. Be3 Ng4 9. O-O-O Bd7 10. h4 a6 11. h5 b5 12. Qb3 Na5 13. Qc2 Nxe3 14. fxe3 Nc4 15. Bxc4 bxc4 16. hxg6 hxg6 17. Qf2 e6 18. g3 c5 19. Rh4 cxd4 20. exd4 Qf6 21. Rdh1 Rfb8 22. Qh2 Kf8 23. Ne5 Qg5+ 24. Kb1 Bxe5 25.
dxe5 Qxe5 26. Rh8+ Ke7 27. Qh4+ g5 28. Rxb8 Rxb8 29.
Qh2 Qxc3 30. g4 Rb5 31. Rd1 Qe5 32. Qd2 Qxe4+ 33. Ka1 Rd5 34. Qb4+ Kf6 35. Re1 Qd4 36.
Rf1+ Kg7 37. a3 c3 38. Qxc3 Qxc3 39. bxc3 Bb5 40. Rf2 Rc5 41. Kb2 Rc4 42. Kb3 Rxg4 43. Rd2 Rf4 44. Rg2 g4 45. Kc2 f5 46. Kd2 Kf6 47.
Ke3 Re4+ 48. Kd2 Re2+ 49. Rxe2 Bxe2 50. Kxe2 Ke5 51. Ke3 Kd5 52. Kd3 Kc5 53. c4 g3 54.
Ke3 f4+ 55. Kf3 e5 0-1

[Event "*** Monthly 3|2 Blitz Masters"]
[Site "Chess.com"]
[Date "2014.10.28"]
[Round "4"]
[White "THORK"]
[Black "jbj"]
[Result "1-0"]
[WhiteElo "2164"]
[BlackElo "2264"]
[TimeControl "180+2"]
[EndTime "12:41:30 PDT"]
[Termination "THORK won by resignation"]

1. e4 d6 2. d4 Nf6 3. Nc3 e5 4.
Nf3 Nbd7 5. Bc4 Be7 6. O-O O-O 7. Re1 a6 8. a4 b6 9. Ba2 Bb7 10. Bg5 c6 11. Bxf6 Bxf6 12. d5 Nc5 13. dxc6 Bxc6 14. Bd5 Qd7 15. Bxc6 Qxc6 16. Nd5 Bd8 17. b4 Nxa4 18. Qd3 b5 19. Nd2 Nb6 20. c4 bxc4 21. Nxc4 Nxc4 22. Rec1 Rc8 23. Ne3 Bg5 24. Rxc4 Qb7 25.
Nd5 Rxc4 26. Qxc4 Rc8 27. Qe2 Rc1+ 28. Rxc1 Bxc1 29. Qc4 Bg5 30. g3 h6 31. h4 Bd8 32. Kg2 Kf8 33. h5 Ke8 34. f4 exf4 35.
gxf4 Qb5 36. Qxb5+ axb5 37. Nc3 Kd7 38. Nxb5 Bb6 39.
Nc3 Bd4 40. Nd5 Kc6 41. f5 Kb5 42. Kf3 Kc4 43. Kf4 Be5+ 44. Kf3 Kb5 45. Kg4 Kc4 46. Kf3 Bd4 47. Ke2 Bb2 48. Ke3 Ba3 49. f6 gxf6 50.
Kf4 Bxb4 51. Nxf6 Bd2+ 52. Kf5 Bg5 53. Nd5 Kd4 54. Nc7 Ke3 55. Ne8 Bf4 56. Nf6 Be5 57.
Ng4+ Kf3 58. Nxh6 f6 59. Nf7 Bf4 60. h6 Bxh6 61. Nxh6 Ke3 62. Ng4+ Kd4 63. Nxf6 Kc5 64. Ke6 Kc6 65. Ne8 Kc5 66. Nxd6 Kd4 67. e5 Kc5 68. Nf7 1-0

[Event "*** Monthly 3|2 Blitz Masters"]
[Site "Chess.com"]
[Date "2014.10.28"]
[Round "4"]
[White "alexsuper1987"]
[Black "SabinaFoisor"]
[Result "0-1"]
[WhiteElo "2035"]
[BlackElo "2319"]
[TimeControl "180+2"]
[EndTime "12:41:55 PDT"]
[Termination "SabinaFoisor won by resignation"]

1. e4 e6 2. d4 d5 3. Nc3 Bb4 4.
e5 c5 5. Bd2 Ne7 6. Nb5 Bxd2+ 7. Qxd2 O-O 8. dxc5 Nbc6 9. Nf3 Ng6 10. Qc3 Bd7 11. Bd3 b6 12. cxb6 Qxb6 13. O-O Rac8 14. Nd6 Rc7 15. Nb5 Rcc8 16. Nd6 Rb8 17. Bxg6 fxg6 18.
Rab1 d4 19. Qc4 Nxe5 20. Nxe5 Qxd6 21. Nxd7 Qxd7 22. Rfe1 Rf6 23. Re4 Rc8 24. Qb3 Kh8 25. Rd1 e5 26. c3 Qf5 27. Re2 d3 28. Red2 e4 29. Qb7 Rcf8 30. Qxa7 h5 31. Qe3 Qg4 32.
h3 Qe6 33. b3 Rf3 34. gxf3 Rxf3 35. Qg5 Qxh3 36. Qg2 Qf5 37. Re1 Rf4 38. Re3 Kh7 39.
Rd1 g5 40. c4 h4 41. Kf1 Rg4 42. Qh3 Qf4 43. Rd2 Kh6 44. c5 Kh5 45. c6 Qf6 46.
Rexd3 exd3 47. Qxd3 Qxc6 48. Qh7+ Qh6 49. Qxh6+ gxh6 50.
a4 h3 51. Rd3 Kh4 52. f3 Rg3 53. Rd4+ Kh5 54. a5 h2 55. Kf2 Rg1 56. a6 h1=Q 57.
a7 Qg2+ 58. Ke3 Re1+ 59. Kd3 Qxf3+ 0-1

[Event "*** Monthly 3|2 Blitz Masters"]
[Site "Chess.com"]
[Date "2014.10.28"]
[Round "4"]
[White "Danesz22"]
[Black "GeorgMeier"]
[Result "0-1"]
[WhiteElo "2396"]
[BlackElo "2541"]
[TimeControl "180+2"]
[EndTime "12:42:07 PDT"]
[Termination "GeorgMeier won by resignation"]

1. e4 e6 2. d4 d5 3. Nc3 dxe4 4.
Nxe4 Nd7 5. Nf3 Ngf6 6. Nxf6+ Nxf6 7. c3 Be7 8. Bd3 O-O 9. O-O b6 10. Bf4 Bb7 11. Re1 c5 12. dxc5 Bxc5 13. Bc2 Qxd1 14. Raxd1 Bxf3 15. gxf3 Rfd8 16. Bc7 Rdc8 17. Be5 Rd8 18.
Bc7 Rd5 19. Rxd5 Nxd5 20. Be5 f6 21. Bg3 Kf7 22. Bb3 b5 23. a3 a5 24. Rd1 Nb6 25. Bd6 Rc8 26. Bxc5 Rxc5 27. Rd6 Nc4 28. Bxc4 bxc4 29.
a4 h5 30. Rd7+ Kg6 31. Rb7 h4 32. h3 Kh6 33. Rb5 Rd5 34. f4 Kg6 35. Kg2 Rd2 36. Rxa5 Rxb2 37. Rc5 Ra2 38. Rxc4 Kf5 39. Rc5+ Kxf4 40.
Rc4+ Kf5 41. Rxh4 e5 42. Rc4 g5 43. Kg3 Ke6 44. h4 Kd5 45. Rc8 gxh4+ 46. Kg2 Rxa4 47. Rd8+ Ke4 48. Rh8 Kd3 49. Rc8 Rf4 50. Rc6 f5 51.
Rc5 e4 52. Ra5 Kxc3 53. Ra3+ Kd4 54. Ra4+ Ke5 55. Ra5+ Kf6 56. Ra8 Rf3 57. Rg8 Ke5 58. Re8+ Kf4 59. Rh8 h3+ 60. Kg1 Rd3 61. Rh4+ Kg5 62. Rh8 Kg4 63. Rg8+ Kf3 64. Rg3+ Ke2 65. Rg5 Rf3 0-1

[Event "*** Monthly 3|2 Blitz Masters"]
[Site "Chess.com"]
[Date "2014.10.28"]
[Round "4"]
[White "jcibarra"]
[Black "exoticprincess"]
[Result "0-1"]
[WhiteElo "2440"]
[BlackElo "2608"]
[TimeControl "180+2"]
[EndTime "12:43:05 PDT"]
[Termination "exoticprincess won by resignation"]

1. e4 c6 2. Nc3 d5 3. Nf3 dxe4 4. Nxe4 Nf6 5. Qe2 Nxe4 6. Qxe4 Qd5 7. Qf4 Qf5 8. Qe3 Qe6 9. Be2 Qxe3 10. fxe3 g6 11.
d3 Bg7 12. e4 Na6 13. c3 Nc5 14. Be3 Na4 15. O-O-O O-O 16. Rd2 Rd8 17. Bd1 Nb6 18. Bb3 Nd7 19. Ng5 e6 20. Rf1 Ne5 21. d4 Ng4 22. Bf4 Re8 23. h3 Nh6 24. e5 Nf5 25.
g4 Ne7 26. Ne4 Nd5 27. Bg5 h6 28. Bh4 g5 29. Bg3 Bd7 30. Nd6 Re7 31. Nxb7 Rf8 32. Rdf2 Ne3 33. Re1 Nd5 34. Nc5 Bc8 35. Bc4 a5 36. a4 Nb6 37. Bb3 Nd5 38. Ne4 Ba6 39. Nc5 Bc8 40. Bc2 Ra7 41. h4 f6 42. exf6 Bxf6 43. Ne4 gxh4 44. Nxf6+ Nxf6 45. Bd6 Rff7 46. Bg6 Rfd7 47. Bc5 Kg7 48. Bxa7 Kxg6 49. Bb6 Nxg4 50. Rxe6+ Kg5 51. Rf8 Ba6 52. Bd8+ Rxd8 53. Rxd8 h3 54.
Rg8+ Kh4 55. Rxg4+ Kxg4 56. Rxh6 Bc4 57. Rxc6 Bf7 58.
Rh6 Bh5 59. Rf6 Kg3 60. Rf1 Bf3 61. Kd2 Kg2 62. Re1 Kf2 63. c4 h2 64. d5 Bg2 65.
Re2+ Kg1 66. Re1+ Bf1 67. d6 h1=Q 68. d7 Qh6+ 69. Kc3 Qg7+ 0-1

[Event "*** Monthly 3|2 Blitz Masters"]
[Site "Chess.com"]
[Date "2014.10.28"]
[Round "4"]
[White "AlmirDzhumaev"]
[Black "ruzomberok"]
[Result "0-1"]
[WhiteElo "2194"]
[BlackElo "2227"]
[TimeControl "180+2"]
[EndTime "12:43:25 PDT"]
[Termination "ruzomberok won by resignation"]

1. e4 e5 2. Nf3 Nc6 3. d4 exd4 4.
Nxd4 Nf6 5. Nxc6 bxc6 6. Bd3 d6 7. O-O g6 8. Nd2 Bg7 9. c4 O-O 10. Qc2 Ng4 11. Nf3 Ne5 12. Nxe5 Bxe5 13. f4 Bd4+ 14.
Kh1 f5 15. Rb1 c5 16. Bd2 Qf6 17. b3 Bb7 18. Rbe1 Rae8 19. exf5 Rxe1 20. Bxe1 gxf5 21.
Bg3 h5 22. Bf2 h4 23. Kg1 h3 24. g3 Re8 25. Bxf5 Bg2 26. Rd1 Bf3 27. Bxd4 cxd4 28.
Rd2 d3 29. Qxd3 Qa1+ 30. Kf2 Bg2 31. Rd1 Qb2+ 32. Qc2 Qa3 33. Bh7+ Kh8 34. Rd5 Qb4 35. Qd2 Qxd2+ 36. Rxd2 Kxh7 37. b4 Kg6 38. c5 dxc5 39. bxc5 Kf5 40. Rd7 Rb8 41. Rxc7 Rb2+ 42. Ke3 Bf1 43.
Rxa7 Rxh2 44. Rh7 Rxa2 45. c6 Rc2 46. c7 Kg6 47. Rh8 Rxc7 48. Kf2 Bg2 49. g4 Rc4 50. Kg3 Rc3+ 51. Kf2 Rf3+ 52. Kg1 Rxf4 53. Rg8+ Kh6 54. Kh2 Kh7 55. Rg5 Bf1 56. Kg3 Ra4 57. Kf2 Bg2 58. Kg3 Ra3+ 59. Kh2 Ra8 60. Kg3 Kh6 61. Rh5+ Kg6 62. Rb5 Kf6 63. Rh5 Rg8 64. Rf5+ Ke6 65. Rb5 Kd6 66. Rh5 Kc6 67. Re5 Kd6 68. Rh5 Rg7 69. Ra5 Bf1 70. Rf5 Bg2 71. Rh5 Kc6 72.
Rf5 Rh7 73. Kh2 Kd6 74. Ra5 Ke6 75. Rg5 Rh4 76. Rg8 Kf7 77. Rg5 Kf6 78. Rf5+ Kg6 79.
Rf4 Kg5 80. Ra4 Rxg4 81. Ra5+ Kh6 82. Ra6+ Rg6 83. Ra5 Rg5 84. Ra6+ Kh5 85. Ra4 Rd5 86. Ra2 Rd4 87. Ra5+ Kh4 0-1

[Event "*** Monthly 3|2 Blitz Masters"]
[Site "Chess.com"]
[Date "2014.10.28"]
[Round "5"]
[White "dsanchez1973"]
[Black "DanielRensch"]
[Result "0-1"]
[WhiteElo "1838"]
[BlackElo "2336"]
[TimeControl "180+2"]
[EndTime "12:45:35 PDT"]
[Termination "DanielRensch won by resignation"]

1. e4 e5 2. Nf3 Nc6 3. d4 exd4 4. c3 d5 5. exd5 Qxd5 6. cxd4 Nf6 7. Nc3 Bb4 8. Bd2 Bxc3 9. bxc3 O-O 10.
Be2 Ne4 11. O-O Nxd2 12. Qxd2 Bg4 13. h3 Bh5 14. Rfe1 Rad8 15. Rab1 Bg6 16. Rxb7 Nxd4 17.
Rxa7 Nxf3+ 0-1

[Event "*** Monthly 3|2 Blitz Masters"]
[Site "Chess.com"]
[Date "2014.10.28"]
[Round "5"]
[White "exoticprincess"]
[Black "GMG"]
[Result "1-0"]
[WhiteElo "2644"]
[BlackElo "2377"]
[TimeControl "180+2"]
[EndTime "12:46:57 PDT"]
[Termination "exoticprincess won by resignation"]

1. e4 c5 2. Nc3 e6 3. Nf3 a6 4. d4 cxd4 5. Qxd4 Nc6 6. Qe3 Bb4 7.
Bd2 Nf6 8. O-O-O O-O 9. e5 Ng4 10. Qe1 Qb6 11. h3 Bxc3 12. bxc3 Nh6 13. Bxh6 gxh6 14.
Bd3 f5 15. g4 fxg4 16. Qe4 Rxf3 17. Qxg4+ Kh8 18. Rhg1 1-0

[Event "*** Monthly 3|2 Blitz Masters"]
[Site "Chess.com"]
[Date "2014.10.28"]
[Round "5"]
[White "GMHess"]
[Black "gumersindo"]
[Result "1-0"]
[WhiteElo "2448"]
[BlackElo "2148"]
[TimeControl "180+2"]
[EndTime "12:47:14 PDT"]
[Termination "GMHess won by resignation"]

1. Nf3 d5 2. g3 Nf6 3. Bg2 e6 4.
O-O Be7 5. c4 O-O 6. cxd5 exd5 7.
d4 Re8 8. Nc3 c6 9. Bf4 Bd6 10.
Ne5 Nh5 11. Bd2 Bxe5 12. dxe5 Rxe5 13. f4 Qb6+ 14. e3 Rxe3 15. Bxe3 Qxe3+ 16. Kh1 Nf6 17. Re1 Qb6 18. Rc1 Bg4 19. Qxg4 1-0

[Event "*** Monthly 3|2 Blitz Masters"]
[Site "Chess.com"]
[Date "2014.10.28"]
[Round "5"]
[White "Danesz22"]
[Black "mat_kolosowski"]
[Result "1-0"]
[WhiteElo "2461"]
[BlackElo "2340"]
[TimeControl "180+2"]
[EndTime "12:47:42 PDT"]
[Termination "Danesz22 won by resignation"]

1. e4 c5 2. Nf3 e6 3. d4 cxd4 4.
Nxd4 Nc6 5. Nc3 Qc7 6. Be2 a6 7. O-O Nf6 8. Kh1 Nxd4 9. Qxd4 Bc5 10. Qd2 O-O 11. Qg5 d6 12. Bd3 b5 13. f4 b4 14. e5 Nd7 15. Ne4 h6 16. Qg3 dxe5 17.
fxe5 Bd4 18. Bxh6 Bxe5 19. Nf6+ Bxf6 20. Qxc7 gxh6 21. Rxf6 Nxf6 22. Qg3+ Kh8 23. Qe5 1-0

[Event "*** Monthly 3|2 Blitz Masters"]
[Site "Chess.com"]
[Date "2014.10.28"]
[Round "5"]
[White "ilmago"]
[Black "HZMC92"]
[Result "0-1"]
[WhiteElo "1771"]
[BlackElo "2156"]
[TimeControl "180+2"]
[EndTime "12:50:34 PDT"]
[Termination "HZMC92 won by checkmate"]

1. e4 c5 2. Nf3 d6 3. d4 cxd4 4.
Qxd4 Nc6 5. Bb5 Bd7 6. Bxc6 Bxc6 7. c4 Nf6 8. Nc3 g6 9. Be3 Bg7 10. Qd3 O-O 11. O-O a6 12. Nd4 Rc8 13. Rac1 Qc7 14.
Rfd1 Rfd8 15. b4 Bd7 16. Nd5 Nxd5 17. exd5 e5 18. dxe6 Bxe6 19. Nxe6 fxe6 20. Bf4 e5 21.
Bg5 Rd7 22. c5 d5 23. Qb3 Qc6 24. Rc2 Kh8 25. Rcd2 d4 26. a4 e4 27. Bf4 Rf8 28.
Bd6 Rxd6 29. cxd6 Qxd6 30. b5 Qf4 31. Qg3 Qf5 32. bxa6 bxa6 33. h3 Be5 34. Qb3 Qf4 35. g3 Qf5 36. Kg2 e3 37. Ra2 Qf3+ 38. Kh2 exf2 39. Rf1 Bxg3# 0-1

[Event "*** Monthly 3|2 Blitz Masters"]
[Site "Chess.com"]
[Date "2014.10.28"]
[Round "5"]
[White "mokerslag"]
[Black "VovAn1991"]
[Result "1-0"]
[WhiteElo "2311"]
[BlackElo "2301"]
[TimeControl "180+2"]
[EndTime "12:51:06 PDT"]
[Termination "mokerslag won on time"]

1. e4 c5 2. Nf3 d6 3. d4 cxd4 4. Nxd4 Nf6 5. Nc3 Nc6 6. g3 g6 7. Nde2 Bg7 8. Bg2 O-O 9. O-O Rb8 10. a4 a6 11. h3 b5 12. axb5 axb5 13. Be3 b4 14.
Nd5 Nd7 15. Ra2 e6 16. Ndf4 Nde5 17. Nd4 Qc7 18. Nxc6 Qxc6 19. Bd4 Bb7 20. h4 Qc4 21. b3 Qxd4 22. Qxd4 Nf3+ 23. Bxf3 Bxd4 24. Rd1 Be5 25. Nd3 Bc3 26. Ra4 f5 27. Nxb4 fxe4 28. Bg4 e3 29. fxe3 Be5 30. Bxe6+ Kh8 31. Bd5 Bxg3 32. Bxb7 Rxb7 33. Rf1 Rxf1+ 34. Kxf1 Bxh4 35. Nd5 Bg3 36.
b4 Rf7+ 37. Kg2 Bh4 38. b5 g5 39. b6 Rf2+ 40. Kg1 1-0

[Event "*** Monthly 3|2 Blitz Masters"]
[Site "Chess.com"]
[Date "2014.10.28"]
[Round "5"]
[White "lorcho"]
[Black "MichiganEagle"]
[Result "1-0"]
[WhiteElo "2459"]
[BlackElo "2285"]
[TimeControl "180+2"]
[EndTime "12:51:27 PDT"]
[Termination "lorcho won on time"]

1. e4 c5 2. Nc3 Nc6 3. g3 g6 4. d3 Bg7 5. Bg2 d6 6. f4 e6 7. Nf3 Nge7 8. O-O O-O 9. Be3 b6 10. d4 Ba6 11. Rf2 d5 12. dxc5 d4 13. Rd2 bxc5 14.
Bf2 Qa5 15. Ne2 Rab8 16. c3 d3 17. Nc1 c4 18. e5 Nd5 19. Nd4 Nxd4 20. Bxd4 Qc7 21. b3 Rfc8 22. bxc4 Bxc4 23. Nxd3 Bxd3 24. Rxd3 Rb2 25. Bxd5 exd5 26. Rd2 Rcb8 27. Rc1 Qc4 28.
Bxa7 Rxd2 29. Qxd2 Ra8 30. Bf2 Rxa2 31. Qd4 Qe2 32. Qe3 Qc4 33. e6 1-0

[Event "*** Monthly 3|2 Blitz Masters"]
[Site "Chess.com"]
[Date "2014.10.28"]
[Round "5"]
[White "chesstatour"]
[Black "AlmirDzhumaev"]
[Result "0-1"]
[WhiteElo "1793"]
[BlackElo "2195"]
[TimeControl "180+2"]
[EndTime "12:51:37 PDT"]
[Termination "AlmirDzhumaev won by resignation"]

1. c4 e5 2. Nc3 Nc6 3. Nf3 g6 4.
d4 exd4 5. Nxd4 Bg7 6. Nxc6 bxc6 7. g3 Ne7 8. Bg2 O-O 9. O-O d6 10.
Qa4 Bd7 11. c5 d5 12. Bf4 a5 13. Rfd1 Qc8 14. e4 Rd8 15. Bg5 f6 16. Bf4 Kh8 17. Qc2 Be6 18. Ne2 Bf7 19. Rac1 Qb7 20. b3 h5 21. h4 Kh7 22. Be3 Bh6 23. Bxh6 Kxh6 24. Qc3 Kg7 25. Nf4 Qb4 26. exd5 Qxc3 27. Rxc3 cxd5 28.
c6 Ra6 29. Rdc1 Rd6 30. a3 g5 31. hxg5 fxg5 32. Nh3 Kg6 33. Re1 Nxc6 34. Rec1 Rb6 35. Rc5 Nd4 36. Bf1 Nxb3 37. Bd3+ Kh6 38. Rxc7 Bg6 39.
Bxg6 Kxg6 40. R1c2 Nd4 41. Ra2 Rb1+ 42. Kg2 g4 43. Nf4+ Kh6 44. Rc8 Nf3 45. Rh8+ Kg7 46. Nxh5+ Kxh8 0-1

[Event "*** Monthly 3|2 Blitz Masters"]
[Site "Chess.com"]
[Date "2014.10.28"]
[Round "5"]
[White "Alexander_Donchenko"]
[Black "Trendle"]
[Result "1-0"]
[WhiteElo "2325"]
[BlackElo "2201"]
[TimeControl "180+2"]
[EndTime "12:51:40 PDT"]
[Termination "Alexander_Donchenko won by resignation"]

1. d4 f5 2. g3 Nf6 3. Bg2 g6 4.
Nf3 Bg7 5. O-O O-O 6. b3 Nc6 7. Bb2 e6 8. c4 Ne4 9. Nbd2 d5 10.
e3 a5 11. a3 Qd6 12. Rc1 b6 13. Qc2 Bb7 14. Rfd1 Rac8 15. Ne1 Ne7 16. Nd3 g5 17. f3 Nxd2 18. Qxd2 Ng6 19. c5 Qe7 20. b4 axb4 21.
axb4 Ba6 22. Ra1 Bc4 23. Ra7 b5 24. f4 Ra8 25. Rda1 Rxa7 26. Rxa7 g4 27. Bc3 h5 28. Nb2 h4 29. Nxc4 bxc4 30. b5 Qe8 31. Qb2 Qb8 32. b6 cxb6 33. cxb6 Bf6 34. Qb5 Ne7 35. Bb4 Nc8 36.
Bxf8 Nxa7 37. bxa7 Qxb5 38. a8=Q Qb1+ 39. Bf1 hxg3 40.
hxg3 Kf7 41. Bd6 Qe1 42. Qf8+ Kg6 43. Qg8+ Bg7 44. Qxe6+ Bf6 45. Qe8+ Kh7 46. Qf7+ 1-0

[Event "*** Monthly 3|2 Blitz Masters"]
[Site "Chess.com"]
[Date "2014.10.28"]
[Round "5"]
[White "GedoGluperd"]
[Black "brauliocuarta"]
[Result "1-0"]
[WhiteElo "2284"]
[BlackElo "1968"]
[TimeControl "180+2"]
[EndTime "12:52:13 PDT"]
[Termination "GedoGluperd won on time"]

1. d4 Nf6 2. Bg5 Ne4 3. Bf4 g5 4. Bc1 c5 5. f3 Nf6 6. Bxg5 Bg7 7. e3 Qb6 8. b3 cxd4 9. exd4 Nc6 10. c3 d6 11. Nd2 Qa5 12. Bxf6 Bxf6 13. Qc2 b5 14. b4 Qb6 15. Ne4 Bg7 16. Bd3 Bd7 17. Ne2 Rc8 18. Qd2 h6 19. O-O e5 20. Rae1 Kf8 21.
Nxd6 Rc7 22. Nxb5 exd4 23. Nbxd4 Nxd4 24. Nxd4 Rxc3 25. Re4 Bxd4+ 26. Kh1 Bg7 27. Bc4 Bf5 28. Rf4 Bg6 29. h4 Rc2 30. Qd7 Rxc4 31. Rxc4 Kg8 32. a4 Qe6 33. Qc7 Kh7 34. b5 Bd3 35. Rc6 Qe2 36.
Rfc1 Bb2 37. Qxf7+ Bg7 38. Rc7 Qe5 39. Re7 Qb2 40.
Rd1 Bg6 41. Qd5 Rg8 42. h5 Bc2 43. Rd4 1-0